 Dungeon Crawl Stone Soup version 0.28.0-1-gb440e238dd (webtiles) character file.

Game seed: 3752479365167250212

179443 pkoi the Stormcaller (level 17, 0/137 HPs)
             Began as a Grey Draconian Air Elementalist on Feb 20, 2022.
             Was a High Priest of Sif Muna.
             Shot with a bolt by a naga sharpshooter (15 damage)
             ... on level 3 of the Snake Pit.
             The game lasted 02:06:41 (73004 turns).

pkoi the Stormcaller (DrAE)                        Turns: 73004, Time: 02:06:42

Health: 0/137      AC: 19    Str: 12    XL:     17   Next: 61%
Magic:  4/23       EV: 23    Int: 28    God:    Sif Muna [*****.]
Gold:   1875       SH:  0    Dex: 10    Spells: 6/38 levels left

rFire   + + +      SeeInvis .     - Unarmed
rCold   . . .      Faith    .   (shield currently unavailable)
rNeg    . . .      Spirit   .   (armour unavailable)
rPois   ∞          Reflect  .   (helmet currently unavailable)
rElec   +          Harm     .   (cloak currently unavailable)
rCorr   .          Rampage  .   (gloves currently unavailable)
Will    .....                   (boots currently unavailable)
Stlth   ++........              q - amulet of magic regeneration
HPRegen 0.32/turn               A - ring of Niric {Wiz rF+++ MP-9 Int+4}
MPRegen 0.58/turn               W - ring of Pyromania {Wiz Will- Int+2 Dex-2 Slay+4}

@: storm-form, flying, studying 2 skills
A: cleaving, flying, AC +14, amphibious, unfitting armour, (cold-blooded)
a: Blinkbolt, End Transformation, Renounce Religion, Channel Magic, Forget
Spell, Divine Exegesis


You were on level 3 of the Snake Pit.
You worshipped Sif Muna.
Sif Muna was extremely pleased with you.
You were a lightning-filled tempest!
You visited 7 branches of the dungeon, and saw 33 of its levels.
You visited the Abyss 1 time.
You also visited: Ossuary, Bailey, Gauntlet and Desolation.

You collected 3207 gold pieces.
You spent 1332 gold pieces at shops.

Inventory:

Hand Weapons
 G - the +1 falchion of the Philosopher {drain, rPois Int+4}
   (You found it on level 7 of the Dungeon)

   A truly terrible weapon, it drains the life of any living foe it strikes.
   Int:       It affects your intelligence (+4).
   rPois:     It protects you from poison.
Armour
 a - a +0 pair of boots of stealth (melded)
 w - a +1 pair of gloves of strength (melded)
 I - a +0 cloak (melded)
 N - a +2 hat (melded)
Magical Staves
 J - a staff of air (melded)
Jewellery
 i - an amulet of reflection
 j - a ring of positive energy
 m - a ring of see invisible
 q - an amulet of magic regeneration (around neck)
 x - a ring of resist corrosion
 A - the ring of Niric (left fist) {Wiz rF+++ MP-9 Int+4}
   (You found it in an ossuary)

   [ring of wizardry]

   It improves your spell success rate.
   Int:       It affects your intelligence (+4).
   rF:        It renders you almost immune to fire.
   MP:        It affects your magic capacity (-9).
 C - a ring of protection from cold
 Q - a ring of willpower
 W - the ring of Pyromania (right fist) {Wiz Will- Int+2 Dex-2 Slay+4}
   (You bought it in a shop on level 2 of the Elven Halls)

   [ring of wizardry]

   It improves your spell success rate.
   Int:       It affects your intelligence (+2).
   Dex:       It affects your dexterity (-2).
   Slay:      It affects your accuracy & damage with ranged weapons and melee
   (+4).
   Will:      It decreases your willpower.
Wands
 c - a wand of charming (5)
 d - a wand of flame (24)
 v - a wand of acid (11)
 E - a wand of digging (14)
 F - a wand of mindburst (8)
 L - a wand of iceblast (8)
 U - a wand of paralysis (10)
Scrolls
 b - 10 scrolls of enchant weapon
 h - a scroll of summoning
 l - 14 scrolls of identify
 t - 6 scrolls of enchant armour
 u - 4 scrolls of fear
 y - 5 scrolls of magic mapping
 z - 4 scrolls of teleportation
 B - 4 scrolls of fog
 D - 2 scrolls of silence
 H - a scroll of blinking
 K - 2 scrolls of brand weapon
 P - a scroll of acquirement
 S - 2 scrolls of amnesia
Potions
 e - 5 potions of flight
 f - a potion of magic
 g - 4 potions of brilliance
 n - 2 potions of berserk rage
 o - 5 potions of invisibility
 p - 13 potions of curing
 r - 4 potions of cancellation
 M - 3 potions of haste
 R - a potion of might


   Skills:
 - Level 9.0 Fighting
 - Level 9.0 Dodging
 - Level 4.0 Stealth
 + Level 11.2 Unarmed Combat
 + Level 11.3 Spellcasting
 - Level 7.0 Conjurations
 - Level 7.0 Hexes
 + Level 6.8 Translocations
 + Level 14.0 Transmutations
 + Level 15.0 Air Magic
 - Level 7.0 Invocations


You had 6 spell levels left.
You knew the following spells:

 Your Spells              Type           Power      Damage    Failure   Level
a - Storm Form            Tmut/Air       39%        N/A       2%          7
b - Swiftness             Air            79%        N/A       0%          3
c - Airstrike             Air            39%        N/A       1%          4
d - Iskenderun's Mystic   Conj/Tloc      53%        2d11      1%          4
e - Blink                 Tloc           100%       N/A       1%          2
f - Dazzling Flash        Conj/Hex       100%       N/A       1%          3
g - Manifold Assault      Tloc           52%        N/A       1%          5
h - Passage of Golubria   Tloc           52%        N/A       1%          4

Your spell library contained the following spells:

 Spells                   Type           Power      Damage    Failure   Level
 Beastly Appendage        Tmut           100%       N/A       0%          1
 Foxfire                  Conj/Fire      100%       2x1d9     1%          1
 Magic Dart               Conj           100%       1d8       1%          1
 Shock                    Conj/Air       100%       1d9       1%          1
 Sting                    Tmut/Pois      100%       1d8       1%          1
 Summon Small Mammal      Summ           60%        N/A       1%          1
 Call Imp                 Summ           15%        N/A       1%          2
 Scorch                   Fire           30%        2d6       1%          2
 Static Discharge         Conj/Air       67%        N/A       1%          2
 Confusing Touch          Hex            53%        N/A       1%          3
 Conjure Flame            Conj/Fire      35%        6-21      1%          3
 Inner Flame              Hex/Fire       35%        N/A       1%          3
 Mephitic Cloud           Conj/Pois/Air  54%        N/A       1%          3
 Summon Guardian Golem    Hex/Summ       35%        N/A       1%          3
 Tukima's Dance           Hex            53%        N/A       1%          3
 Cause Fear               Hex            26%        N/A       1%          4
 Ice Form                 Ice/Tmut       53%        N/A       1%          4
 Summon Lightning Spire   Summ/Air       55%        N/A       1%          4
 Blade Hands              Tmut           38%        N/A       1%          5
 Freezing Cloud           Conj/Ice/Air   27%        6-21      1%          5
 Irradiate                Conj/Tmut      33%        3d25      1%          5
 Lightning Bolt           Conj/Air       33%        1d51      1%          5
 Silence                  Hex/Air        33%        N/A       1%          5
 Yara's Violent Unravell  Hex/Tmut       33%        3d14      1%          5
 Conjure Ball Lightning   Conj/Air       33%        3x3d11    1%          6
 Flame Wave               Conj/Fire      35%        2d8       2%          4
 Sticky Flame             Conj/Fire      35%        2d5       2%          4
 Call Canine Familiar     Summ           15%        N/A       3%          3
 Summon Mana Viper        Hex/Summ       35%        N/A       6%          5
 Summon Forest            Summ/Tloc      17%        N/A       7%          5
 Eringya's Noxious Bog    Tmut/Pois      26%        N/A       9%          6
 Summon Ice Beast         Ice/Summ       15%        N/A       10%         4
 Agony                    Necr           15%        N/A       24%         5
 Starburst                Conj/Fire      17%        6d6       30%         6
 Summon Cactus Giant      Summ           7%         N/A       75%         6
 Dragon Form              Tmut           38%        N/A       2%          7
 Maxwell's Capacitive Co  Air            39%        ∞         13%         8
 Enfeeble                 Hex            26%        N/A       38%         7
 Spellforged Servitor     Conj/Summ      17%        N/A       83%         7
 Monstrous Menagerie      Summ           7%         N/A       99%         7
 Summon Horrible Things   Summ           7%         N/A       100%        8
 Dragon's Call            Summ           7%         N/A       100%        9
 Fire Storm               Conj/Fire      17%        8d5       100%        9


Dungeon Overview and Level Annotations

Branches:
Dungeon (15/15)            Temple (1/1) D:6            Lair (6/6) D:8
  Swamp (3/4) Lair:4        Snake (3/4) Lair:3        Slime (0/5) Lair:5
    Orc (2/2) D:10            Elf (3/3) Orc:2        Vaults (0/5) D:13
 Depths (0/4) D:15        Ossuary (visited)          Bailey (visited)
Desolation (visited)      Gauntlet (visited)

Altars:
Ashenzari
Cheibriados
Dithmenos
Fedhas
Gozag
Hepliaklqana
Kikubaaqudgha
Makhleb
Nemelex Xobeh
Okawaru
Qazlal
Ru
Sif Muna
Trog
Uskayaw
Vehumet
Wu Jian
Xom
Yredelemnul
Zin
The Shining One
Beogh
Ignis
Jiyva
Lugonu

Shops:
D:11 ?   Orc:2 [*(*   Elf:1 (   Elf:2 (=*!==   Elf:3 *   Snake:2 (

Portals:
Abyss: Lair:3
Ice
Cave: Snake:3

Annotations:
D:15 3 runed translucent doors, browni3141's ghost, adept MiBe
Swamp:3 Bai Suzhen
Orc:1 2 transporters, themarg's ghost, journeyman MfSu
Orc:2 1 runed translucent door, fknight's ghost, journeyman HuBe
Elf:2 3 runed translucent doors


Innate Abilities, Weirdness & Mutations

You are a lightning-filled tempest!
Your electrical attacks strike out in all directions at once.
You are incredibly evasive.
You are flying.
You are immune to poison.
Your armour is entirely melded.
You are incapable of wielding weapons or throwing items.
((Your dull iron-grey scales are very hard. (AC +14)))
You are amphibious.
You cannot fit into any form of body armour.
((You are cold-blooded and may be slowed by cold attacks.))


Message History

You buffet the black mamba!
Lightning courses through the black mamba!
You kill the black mamba!
Sif Muna accepts your kill. The salamander closely misses you.
The naga sharpshooter gestures wildly while chanting.
The naga sharpshooter magically shoots a bolt.
The bolt hits you!
* * * LOW HITPOINT WARNING * * *
The salamander hits you but does no damage.
The sea snake misses you.
You see here a shock serpent corpse.
You feel better. The sea snake completely misses you.
The salamander hits you with a +0 spear.
* * * LOW HITPOINT WARNING * * *
You are engulfed in flames.
You resist.
* * * LOW HITPOINT WARNING * * *
You batter the salamander!!
Lightning courses through the salamander!
You kill the salamander!
Sif Muna accepts your kill.
You closely miss the sea snake.
The sea snake bites you but does no damage.
Unknown command.
You buffet the sea snake!
The sea snake is lightly wounded.
The sea snake completely misses you.
Unknown command.
You barely miss the sea snake.
The sea snake is lightly wounded.
The sea snake completely misses you.
Unknown command.
You buffet the sea snake!
The sea snake is moderately wounded.
You feel energetic enough to blinkbolt again.
The sea snake completely misses you.
The naga sharpshooter mumbles some strange words.
The naga sharpshooter magically shoots a bolt.
The bolt hits you!
You die...

,,**
***,,,,,,,,,,,,,*,*,*,≈,*≈*
,,,*
**#...<..........,*,*+***
,,,**
**#.....?...#.∩.#.*,,,*
,,,,*
*............)(...*,***
*,,,* #.........†...#...,,*
**,,* #.................,**
*,,*###.................,*
*,,............)††......,**
**,S....$.)....v.†......,,**
**...........):S)......,,,**
**#...........†.......,,,,**
#.............N.....,,,,,*
*#..................,,,,,*
#..................,,,,**
##..>..........[...,,,,*
###................,,,**
###.............(...,,,,*


You could see a naga sharpshooter and a sea snake.

Vanquished Creatures
  Saint Roka (Elf:3)
  Rupert (Orc:2)
  Jorgrun (Swamp:2)
  Mlioglotl (Swamp:2)
  Gastronok (D:10)
  A thorn hunter (Lair:4)
  Aizul (Snake:1)
  2 deep elf sorcerers
  Louise (D:15)
  2 eleionomae
  2 green draconians (Swamp:2)
  4 bunyips
  2 deep elf death magi (Elf:3)
  2 fire dragons (D:15)
  A deep elf high priest (Elf:3)
  2 servants of whispers (Desolation)
  9 hydras
  An ice dragon (D:15)
  2 boulder beetles
  4 ghost crabs
  2 naga warriors
  2 ragged hierophants (Desolation)
  2 peacekeepers (Desolation)
  6 centaur warriors
  2 catoblepae (Lair:3)
  4 two-headed ogres
  19 dancing weapons
  4 anacondas
  13 alligators
  Erica (D:8)
  6 naga sharpshooters
  5 orc high priests
  6 shock serpents
  A wretched star (Abyss:2)
  4 spriggans
  3 goliath frogs
  8 deep elf knights
  A sixfirhy (Abyss:2)
  2 naga ritualists (Snake:1)
  A glowing orange brain (Abyss:2)
  A spriggan druid (Swamp:3)
  5 swamp dragons
  The ghost of AlmostDecent the Thaumaturge, a novice DjCj of Ashenzari (D:7)
  11 deep elf archers
  A wizard (Elf:1)
  A lindwurm (shapeshifter) (Elf:3)
  25 deep elf pyromancers
  2 orc knights
  4 will-o-the-wisps
  15 deep elf zephyrmancers
  6 mana vipers
  5 cyclopes
  7 salamanders
  2 manticores
  23 black mambas
  A guardian serpent (Snake:3)
  7 naga magi
  20 cane toads
  2 gargoyles
  9 elephants
  An efreet (D:14)
  A large abomination (Abyss:2)
  3 rime drakes
  2 freezing wraiths
  8 komodo dragons
  A yaktaur (D:15)
  3 tengu conjurers
  A troll (shapeshifter) (D:15)
  An ancient zyme (Abyss:2)
  3 meliai (D:15)
  2 bloated husks
  7 tyrant leeches
  7 trolls
  2 polar bears (Lair:5)
  19 blink frogs
  4 hornets
  14 saltlings
  A raiju (Abyss:2)
  11 slime creatures
  36 yaks
  3 wraiths
  A water elemental (Elf:1)
  6 fire elementals
  2 vampires
  A wyvern (D:10)
  2 ynoxinuls (Abyss:2)
  A hog (shapeshifter) (Elf:2)
  A yak (shapeshifter) (D:14)
  2 basilisks
  A steam dragon (D:9)
  A small abomination (Abyss:2)
  10 wargs
  21 nagas
  16 vampire mosquitoes
  Menkaure (D:7)
  3 acid dragons
  10 swamp worms
  19 water moccasins
  33 orc warriors
  A sky beast (D:8)
  2 black bears
  2 necrophages (D:7)
  4 swamp drakes (Swamp:2)
  An ice beast (D:5)
  8 ogres
  A boggart (Elf:1)
  18 centaurs
  3 kobold brigands
  14 bullfrogs
  4 earth elementals
  8 scorpions
  A water moccasin zombie (D:5)
  A wyvern skeleton (D:7)
  4 killer bees
  3 wights
  2 howler monkeys (D:9)
  5 electric eels
  9 crimson imps (D:14)
  A human zombie (Ossuary)
  A quasit (Abyss:2)
  4 centaur zombies (Ossuary)
  35 orc priests
  3 hounds
  4 jellies
  A centaur skeleton (D:5)
  3 bullfrog skeletons
  A gnoll shaman (D:4)
  Jessica (D:3)
  4 scorpion zombies (Ossuary)
  3 iguanas
  23 orc wizards
  Natasha (thrice) (D:3)
  A killer bee zombie (D:8)
  2 howler monkey zombies
  4 mummies
  7 adders
  8 gnolls
  A shadow imp (D:7)
  A white imp (D:6)
  An ufetubus (D:6)
  6 dart slugs
  97 orcs
  10 endoplasms
  5 giant cockroaches
  3 gnoll zombies (Ossuary)
  10 goblins
  3 hobgoblins (D:1)
  4 jackals (D:3)
  4 quokkas
  7 ball pythons
  5 bats
  2 frilled lizards
  A hobgoblin zombie (Ossuary)
  22 kobolds
  A kobold zombie (Ossuary)
  2 orc zombies (Ossuary)
  3 rats
  A lurking horror (Lair:3)
931 creatures vanquished.

Vanquished Creatures (others)
  Frances (Swamp:2)
  2 deep elf knights
  A deep elf zephyrmancer (Elf:1)
  8 foxfires
  53 fungi
  4 pillars of salt (Elf:2)
  95 plants
164 creatures vanquished.

Grand Total: 1095 creatures vanquished

Notes
Turn   | Place    | Note
-------+----------+-------------------------------------------
     0 | D:1      | pkoi the Draconian Air Elementalist began the quest for the
                  | Orb.
     0 | D:1      | Reached XP level 1. HP: 14/14 MP: 3/3
   371 | D:1      | Reached XP level 2. HP: 20/20 MP: 0/5
   860 | D:1      | Found a faded altar of an unknown god.
   863 | D:1      | Got Plato's Collected Works on Transmutation
   923 | D:1      | Reached skill level 4 in Air Magic
  1264 | D:1      | Reached XP level 3. HP: 26/26 MP: 0/6
  1371 | D:1      | Learned a level 3 spell: Swiftness
  3534 | D:3      | Found a broken altar of Ashenzari.
  3564 | D:3      | Reached XP level 4. HP: 31/33 MP: 5/7
  3571 | D:3      | Reached skill level 5 in Air Magic
  3664 | D:3      | Noticed Jessica
  3675 | D:3      | Killed Jessica
  3676 | D:3      | Reached XP level 5. HP: 25/38 MP: 0/9
  3940 | D:3      | Learned a level 4 spell: Airstrike
  4320 | D:3      | Found a sacrificial altar of Ru.
  4358 | D:3      | Found a hazy altar of Hepliaklqana.
  4619 | D:3      | Noticed Natasha
  4628 | D:3      | Killed Natasha
  5031 | D:3      | Noticed Natasha
  5034 | D:3      | Killed Natasha
  5035 | D:3      | Reached skill level 6 in Air Magic
  5165 | D:3      | Noticed Natasha
  5171 | D:3      | Killed Natasha
  5172 | D:3      | Reached XP level 6. HP: 39/45 MP: 10/10
  5948 | D:4      | Reached skill level 7 in Air Magic
  6220 | D:4      | Found an iron altar of Okawaru.
  6438 | D:4      | Found a burning altar of Makhleb.
  6743 | D:4      | Your scales start taking on a dull iron-grey colour.
  6743 | D:4      | Reduced skill Air Magic to level 6
  6743 | D:4      | Reached XP level 7. HP: 24/50 MP: 2/11
  7159 | D:5      | Entered Level 5 of the Dungeon
  7229 | D:5      | Found a shadowy altar of Dithmenos.
  7435 | D:5      | Reached skill level 1 in Fighting
  7940 | D:5      | Learned a level 4 spell: Iskenderun's Mystic Blast
  8088 | D:6      | Found a staircase to the Ecumenical Temple.
  8165 | D:6      | Reached skill level 7 in Air Magic
  8165 | D:6      | Reached XP level 8. HP: 60/60 MP: 5/13
  8181 | D:6      | Found a sand-covered staircase.
  8191 | Ossuary  | Entered an ossuary
  8274 | Ossuary  | Reached skill level 1 in Translocations
  9204 | Ossuary  | Identified the ring of Niric {Wiz rF+++ MP-9 Int+4}
  9842 | D:6      | Reached XP level 9. HP: 70/70 MP: 2/15
 10053 | D:6      | Found an ancient bone altar of Kikubaaqudgha.
 10682 | D:7      | Identified the +1 falchion of the Philosopher {drain, rPois
                  | Int+4}
 10742 | D:7      | Found a runed translucent door.
 10742 | D:7      | Noticed AlmostDecent's ghost (novice DjCj)
 11186 | D:7      | Reached skill level 8 in Air Magic
 11491 | D:7      | Found a sparkling altar of Nemelex Xobeh.
 11672 | Temple   | Entered the Ecumenical Temple
 11732 | Temple   | Became a worshipper of Sif Muna the Loreminder
 11810 | D:7      | Noticed Menkaure
 11812 | D:7      | Killed Menkaure
 12623 | D:8      | Reached skill level 5 in Spellcasting
 13182 | D:8      | Found a staircase to the Lair.
 13582 | D:8      | Reached * piety under Sif Muna
 13707 | D:8      | Noticed Erica
 13713 | D:8      | Killed Erica
 13714 | D:8      | Reached skill level 5 in Fighting
 13714 | D:8      | Reached XP level 10. HP: 81/81 MP: 1/18
 14280 | Lair:1   | Entered Level 1 of the Lair of Beasts
 14358 | Lair:1   | Reached skill level 5 in Conjurations
 14457 | Lair:1   | Reached skill level 1 in Unarmed Combat
 14634 | Lair:1   | Reached skill level 5 in Dodging
 15048 | Lair:1   | Noticed a cane toad
 15054 | Lair:1   | Killed a cane toad
 15055 | Lair:1   | Reached skill level 9 in Air Magic
 15390 | Lair:1   | Reached skill level 5 in Translocations
 16602 | Lair:2   | Reached XP level 11. HP: 86/86 MP: 3/20
 18607 | Lair:3   | Noticed a catoblepas
 18639 | Lair:3   | Killed a catoblepas
 18653 | Lair:3   | HP: 3/86 [poisoned by a water moccasin]
 18975 | Lair:3   | Noticed a catoblepas
 19293 | Lair:3   | Learned a level 5 spell: Yara's Violent Unravelling
 19773 | Lair:3   | Killed a catoblepas
 19774 | Lair:3   | Reached skill level 1 in Hexes
 19774 | Lair:3   | Reached skill level 1 in Transmutations
 20097 | Lair:3   | Found a corrupted altar of Lugonu.
 20097 | Lair:3   | Found a one-way gate to the infinite horrors of the Abyss.
 21066 | Lair:3   | Found a staircase to the Snake Pit.
 21603 | Lair:4   | Reached skill level 10 in Air Magic
 22848 | Lair:4   | Found a staircase to the Swamp.
 22996 | Lair:5   | Found a staircase to the Slime Pits.
 22996 | Lair:5   | Found a viscous altar of Jiyva.
 23524 | Lair:5   | Reached XP level 12. HP: 61/94 MP: 1/21
 24947 | Lair:6   | Entered Level 6 of the Lair of Beasts
 26714 | Lair:6   | Reached ** piety under Sif Muna
 26715 | Lair:6   | Reached skill level 5 in Transmutations
 27899 | Lair:6   | Reached skill level 5 in Hexes
 28486 | Lair:6   | Reached skill level 5 in Unarmed Combat
 29794 | Lair:6   | Noticed a five-headed hydra
 29974 | Lair:5   | Reached skill level 11 in Air Magic
 29974 | Lair:5   | Reached XP level 13. HP: 76/100 MP: 4/22
 33231 | D:9      | Reached *** piety under Sif Muna
 34452 | D:9      | Found a hide-covered altar of Uskayaw.
 34517 | D:10     | Entered Level 10 of the Dungeon
 34664 | D:10     | Found a flagged portal.
 34777 | Bailey   | Entered a bailey
 35738 | Bailey   | Reached **** piety under Sif Muna
 35914 | D:10     | Found a staircase to the Orcish Mines.
 36080 | D:10     | Noticed Gastronok
 36146 | D:10     | Killed Gastronok
 36725 | D:11     | You fall into a shaft and drop 2 floors!
 36820 | D:12     | Found a gate leading to a gauntlet.
 36831 | Gauntlet | Entered a Gauntlet
 36831 | Gauntlet | Found a transporter.
 36841 | Gauntlet | Found a transporter.
 36852 | Gauntlet | Found a transporter.
 36855 | Gauntlet | Found a transporter.
 36863 | Gauntlet | Found a transporter.
 36884 | Gauntlet | Found a transporter.
 36895 | Gauntlet | Found a transporter.
 36902 | Gauntlet | Noticed a cacodemon
 36904 | Gauntlet | Noticed a blizzard demon
 36906 | Gauntlet | Found a transporter.
 36921 | Gauntlet | Found a runed translucent door.
 36921 | Gauntlet | Found a runed translucent door.
 36925 | Gauntlet | Found a transporter.
 36939 | Gauntlet | Found a transporter.
 36939 | Gauntlet | Found a transporter.
 36948 | Gauntlet | Found a transporter.
 36988 | Gauntlet | Found a transporter.
 37002 | Gauntlet | Found a transporter.
 37329 | D:11     | Found Geestut's Magic Scroll Shop.
 37396 | D:11     | Learned a level 2 spell: Blink
 37400 | D:11     | Learned a level 3 spell: Dazzling Flash
 40258 | D:13     | Reached XP level 14. HP: 95/113 MP: 12/23
 40327 | D:13     | Found a gate to the Vaults.
 40631 | Snake:1  | Entered Level 1 of the Snake Pit
 42362 | Lair:3   | Reached skill level 1 in Invocations
 42562 | Snake:1  | Reached skill level 12 in Air Magic
 43496 | D:14     | Found a radiant altar of Vehumet.
 44372 | Swamp:1  | Entered Level 1 of the Swamp
 45099 | Swamp:1  | Identified a scroll of acquirement
 46004 | Swamp:1  | Noticed a thorn hunter
 46257 | Orc:1    | Entered Level 1 of the Orcish Mines
 46528 | Orc:1    | Found a transporter.
 46744 | Orc:1    | Found a transporter.
 46747 | Orc:1    | Noticed themarg's ghost (journeyman MfSu)
 47197 | Orc:2    | Entered Level 2 of the Orcish Mines
 47360 | Orc:2    | Found a staircase to the Elven Halls.
 48488 | Orc:2    | Reached skill level 10 in Transmutations
 48546 | Orc:2    | Reached ***** piety under Sif Muna
 48684 | Orc:2    | Found Beunnapu's General Store.
 48684 | Orc:2    | Found Yzacvin's Armour Boutique.
 48743 | Orc:2    | Received a gift from Sif Muna
 48746 | Orc:2    | Got Sif Muna's Reference Book on the Creative Blaze {god
                  | gift}
 48913 | Orc:2    | Found a runed translucent door.
 48913 | Orc:2    | Found a shimmering altar of Xom.
 48913 | Orc:2    | Noticed fknight's ghost (journeyman HuBe)
 49044 | Orc:2    | Noticed Rupert
 49861 | Orc:2    | Paralysed by Rupert for 3 turns
 50844 | Orc:2    | Killed Rupert
 50963 | Orc:2    | Found Qeotroxa's Assorted Antiques.
 50963 | Orc:2    | Found Ixkedu's Weapon Boutique.
 52223 | D:14     | Reached XP level 15. HP: 75/118 MP: 6/27
 52969 | D:15     | Entered Level 15 of the Dungeon
 52970 | D:15     | Found a snail-covered altar of Cheibriados.
 53464 | D:15     | Reached skill level 13 in Air Magic
 54336 | D:15     | Found a staircase to the Depths.
 54522 | D:15     | Found a runed translucent gate.
 54523 | D:15     | Found a runed translucent gate.
 54523 | D:15     | Noticed a tengu reaver
 54524 | D:15     | Found a runed translucent gate.
 54526 | D:15     | Noticed a storm dragon
 54534 | D:15     | Noticed browni3141's ghost (adept MiBe)
 54884 | D:15     | Noticed Louise
 54903 | D:15     | Killed Louise
 56482 | Lair:4   | Killed a thorn hunter
 58323 | Lair:4   | Learned a level 7 spell: Storm Form
 59606 | Swamp:2  | Received a gift from Sif Muna
 59607 | Swamp:2  | Got Sif Muna's Reference Book on Floating Summoning {god
                  | gift}
 59935 | Swamp:1  | Learned a level 5 spell: Manifold Assault
 60002 | Swamp:2  | Noticed Jorgrun
 60008 | Swamp:2  | Noticed Mlioglotl
 60013 | Swamp:2  | Killed Jorgrun
 60019 | Swamp:2  | Noticed Frances
 60671 | D:7      | Killed AlmostDecent's ghost
 60891 | Elf:1    | Entered Level 1 of the Elven Halls
 61933 | Elf:1    | Noticed a deep elf sorcerer
 61976 | Elf:1    | Killed a deep elf sorcerer
 62286 | Elf:1    | Found Kaute's Antique Weapon Boutique.
 62374 | Elf:1    | Reached XP level 16. HP: 101/130 MP: 10/29
 62823 | Elf:1    | Reached skill level 5 in Invocations
 63344 | Elf:2    | Found a crumbling gateway.
 63360 | Elf:2    | Reached skill level 14 in Air Magic
 63392 | Desolati | Entered the Desolation of Salt
 64321 | Elf:2    | Found Yqupneag's Distillery.
 64327 | Elf:2    | Bought a potion of attraction for 51 gold pieces
 64510 | Elf:2    | Reached skill level 10 in Spellcasting
 65375 | Elf:2    | Found a runed translucent gate.
 65376 | Elf:2    | Found a runed translucent gate.
 65376 | Elf:2    | Found a runed translucent gate.
 65487 | Elf:2    | Found Opekoege's Assorted Antiques.
 65726 | Elf:2    | Found Woan's Jewellery Emporium.
 65726 | Elf:2    | Found Lowosado's Weapon Shoppe.
 65730 | Elf:2    | Found Opnoi's Jewellery Shoppe.
 65945 | Elf:2    | Found Ucsytu's Jewellery Shoppe.
 65957 | Elf:2    | Bought the ring of Pyromania {Wiz Will- Int+2 Dex-2 Slay+4}
                  | for 1041 gold pieces
 65979 | Elf:2    | Bought a pair of embroidered boots for 240 gold pieces
 66249 | Elf:3    | Entered Level 3 of the Elven Halls
 66445 | Elf:3    | Found Qyrr's Assorted Antiques.
 66482 | Elf:3    | Reached skill level 10 in Unarmed Combat
 66803 | Elf:3    | Noticed Saint Roka
 66967 | Elf:3    | Killed Saint Roka
 66967 | Elf:3    | Received a gift from Sif Muna
 66968 | Elf:3    | Got Sif Muna's Volume of Transmutation and Conjuration {god
                  | gift}
 67645 | Elf:3    | Cast into level 2 of the Abyss (a deep elf sorcerer)
 67646 | Abyss:2  | Found a corrupted altar of Lugonu.
 67846 | Abyss:2  | Found a corrupted altar of Lugonu.
 67851 | Elf:3    | Escaped the Abyss
 68734 | Swamp:2  | Killed Frances
 69031 | Swamp:2  | Reached XP level 17. HP: 137/137 MP: 16/31
 69396 | Swamp:2  | Killed Mlioglotl
 70148 | Swamp:3  | Noticed Bai Suzhen
 70672 | Snake:1  | Noticed Aizul
 70686 | Snake:1  | Killed Aizul
 71013 | Snake:1  | You fall into a shaft and drop 1 floor!
 71561 | Snake:1  | Learned a level 4 spell: Passage of Golubria
 71864 | Snake:2  | Found a sparkling altar of Nemelex Xobeh.
 72408 | Snake:2  | Identified the +7 spear "Punitrodut" {venom, rF+ Dex+4
                  | Stlth+}
 72871 | Snake:2  | Found Keazong's Firing Range.
 72979 | Snake:3  | Found a frozen archway.
 72988 | Snake:3  | Reached skill level 15 in Air Magic
 72995 | Snake:3  | Received a gift from Sif Muna
 73004 | Snake:3  | Shot with a bolt by a naga sharpshooter

Illustrated notes

Levels and vault maps discovered:
D:1:      moated_graveyard_arrival, layout_basic,
          shapermc_ecumenical_altar_rom_forum
D:2:      layout_loops_corners
D:3:      layout_loops_cross, ashenzari_altar_1, nicolae_ru_awakened_eye,
          worldfamousw_hep_ancestral_shrine, uniq_natasha, uniq_jessica
D:4:      layout_gridville, bloody_makhleb, mainiacjoe_overflow_tiny_flanked,
          hangedman_decor_diamond_cutter
D:5:      layout_rooms, overflow_temple_1_default, grunt_decor_mini_mirrors,
          patterned_corridor
D:6:      cheibrodos_two_vegetables, layout_rooms, kiku_gazebo_pond_becter,
          mainiacjoe_overflow_alcove_4, minmay_temple_entry_from_below_b,
          gup_ossuary_entry_pyramid
D:7:      layout_loops_corners, mainiacjoe_overflow_six_doors_small,
          hellmonk_ghost_happy_afterlife, nicolae_sextant, uniq_menkaure
D:8:      layout_rooms, erik_lair_orcish_takeover, serial_corexii_hall,
          chequers_hall_statues_corner_a, corexii_hall_statues_s,
          corexii_corridor_pit, st_stairs_5, uniq_erica
D:9:      layout_roguey, general_overflow_altar
D:10:     layout_rooms, orc_0_dummy, enter_bailey_5, minmay_strange_pillars,
          wad_floor_pattern_untrapped, uniq_gastronok
D:11:     layout_loops_corners, serial_shops, nicolae_inconvenience_store
D:12:     layout_roguey, gauntlet_entry_generic
D:13:     layout_rooms, david_vaults_1
D:14:     layout_irregular_city, nicolae_vehumet_altar_sigil, minmay_nine_imps
D:15:     grunt_enter_depths_hoard, layout_gridville, gammafunk_ghost_split,
          cheibriados_altar_1, uniq_louise
Temple:   pdpol_scorched_temple
Lair:1:   layout_cave_pods
Lair:2:   layout_regular_city
Lair:3:   layout_cave_pods, dummy_snake_entry, amcnicky_altar_lugonu_corruption,
          grunt_megastairs_4
Lair:4:   layout_regular_city, nicolae_swamp_entry_splash_gauntlet
Lair:5:   layout_loops_ring, slime_altar_1
Lair:6:   minmay_lair_end_frog_pond, layout_loops_ring,
          chequers_serial_rivers_micro_d, lemuel_fruit_fields
Swamp:1:  layout_basic_swamp, evilmike_swamp_ruin_house_2,
          nicolae_swamp_tree_designs, infiniplex_staircase_pool
Swamp:2:  layout_basic_swamp, nicolae_swamp_round_clearing,
          hangedman_swamp_dais, uniq_frances, uniq_mlioglotl, uniq_jorgrun
Swamp:3:  layout_falls_marsh, evilmike_swamp_ruin_rubble_1, swamp_pool3,
          uniq_bai_suzhen
Snake:1:  layout_misc_corridors, serial_bayou_shore_b, uniq_aizul
Snake:2:  layout_grid_maze, basic_altar, nicolae_shop_firing_range
Snake:3:  layout_onion, portal_ice_cave_entry_pillars_1, serial_shops, shop,
          nicolae_shop_hallway_plus, nicolae_shop_waterfront,
          nicolae_shop_waterfront, grunt_ministairs_10
Orc:1:    nicolae_orc_accident_1, layout_caves, gammafunk_ghost_arena
Orc:2:    st_orc_town, layout_caves, ebering_ghost_xom, uniq_rupert
Elf:1:    layout_geoelf_diagonals, serial_shops, nicolae_take_the_stairs,
          hangedman_elf_disciples, minivault_25_ag, chequers_big_river
Elf:2:    nicolae_elf_blades_crystal_corner, layout_loops_corners,
          portal_desolation_entry_garden, serial_shops, shop,
          nicolae_shop_waterfront, minmay_shoptagon
Elf:3:    elf_hall_gauntlet_wide, layout_geoelf_octagon, serial_shops, shop,
          uniq_saint_roka

Skill      XL: |  1  2  3  4  5  6  7  8  9 10 11 12 13 14 15 16 17 |
---------------+----------------------------------------------------+-----
Air Magic      | 4 5 6 6 7 8 9 10 11 12 13 14 15 | 15.0
Spellcasting   | 3 4 5 6 8 9 10 11 | 11.3
Dodging        | 2 3 4 5 7 8 9 |  9.0
Fighting       | 1 3 5 7 8 9 |  9.0
Conjurations   | 2 3 4 6 7 |  7.0
Translocations | 2 4 5 6 |  6.8
Unarmed Combat | 3 4 5 7 8 10 11 | 11.2
Hexes          | 3 5 7 |  7.0
Transmutations | 3 6 8 10 12 13 14 | 14.0
Invocations    | 1 4 7 |  7.0
Stealth        | 4 |  4.0

Action                   |  1- 3 |  4- 6 |  7- 9 | 10-12 | 13-15 | 16-18 || total
-------------------------+-------+-------+-------+-------+-------+-------++-------
Melee: Whip              |    14 |       |       |       |       |       ||    14
       Unarmed           |     5 |       |       |       |   316 |   551 ||   872
       Tailslap          |     7 |     2 |    33 |    47 |    70 |     5 ||   164
       Short sword       |    12 |    11 |   153 |    23 |     9 |       ||   208
       Punch             |       |       |     5 |    11 |    17 |    28 ||    61
       Falchion          |       |       |    39 |    92 |    34 |       ||   165
       Dagger            |       |       |       |    38 |     8 |       ||    46
       Staff             |       |       |       |    51 |    66 |    27 ||   144
 Cast: Shock             |   107 |   126 |   129 |       |       |       ||   362
       Airstrike         |       |       |    76 |   352 |   955 |    29 ||  1412
       Iskenderun's Myst |       |       |       |     1 |    15 |       ||    16
       Dazzling Flash    |       |       |       |       |     8 |       ||     8
       Yara's Violent Un |       |       |       |       |     1 |       ||     1
       Blink             |       |       |       |       |     1 |       ||     1
       Manifold Assault  |       |       |       |       |    37 |   115 ||   152
       Storm Form        |       |       |       |       |    13 |    54 ||    67
 Abil: Blinkbolt         |       |       |       |       |       |     1 ||     1
Evoke: Wand              |       |       |       |     1 |    18 |       ||    19
  Use: Potion            |     3 |       |       |     2 |       |     2 ||     7
       Scroll            |     2 |     5 |       |    12 |    15 |     4 ||    38
 Stab: Sleeping          |     1 |       |     2 |       |     1 |     1 ||     5
       Invisible         |       |       |       |       |     2 |       ||     2
Armor: Skin              |    13 |    17 |   127 |   107 |   257 |   115 ||   636
Dodge: Dodged            |    27 |    16 |   158 |   345 |   839 |   357 ||  1742
